 Dungeon Crawl Stone Soup version 0.29-a0-40-g8eb35efe60 (webtiles) character file.

Game seed: 4154451863949838019

3 Armakuni the Slasher (level 1, 0/13 HPs)
             Began as a Deep Elf Berserker on Feb 1, 2022.
             Was a Follower of Trog.
             Succumbed to a goblin's poison
             ... on level 1 of the Dungeon.
             The game lasted 00:00:33 (41 turns).

Armakuni the Slasher (Deep Elf Berserker)             Turns: 41, Time: 00:00:33

Health: 0/13       AC:  2    Str: 14    XL:     1   Next: 41%
Magic:  3/3        EV: 12    Int: 11    God:    Trog [*.....]
Gold:   0          SH:  0    Dex: 14    Spells: 0/0 levels left

rFire   . . .      SeeInvis .   a - +0 falchion
rCold   . . .      Faith    .   (no shield)
rNeg    . . .      Spirit   .   b - +0 animal skin
rPois   .          Reflect  .   (no helmet)
rElec   .          Harm     .   (no cloak)
rCorr   .          Rampage  .   (no gloves)
Will    .....                   (no boots)
Stlth   +.........              (no amulet)
HPRegen 0.04/turn               (no ring)
MPRegen 0.08/turn               (no ring)

@: lethally poisoned (0 -> -4), on berserk cooldown, slowed, very slow
A: no striking features
a: Renounce Religion, Berserk


You were on level 1 of the Dungeon.
You worshipped Trog.
Trog was aware of your devotion.
You visited 1 branch of the dungeon, and saw 1 of its levels.

Inventory:

Hand Weapons
 a - a +0 falchion (weapon)
Armour
 b - a +0 animal skin (worn)


   Skills:
 + Level 2.5 Fighting
 + Level 2.8 Long Blades
 - Level 1.5 Armour
 - Level 2.4 Dodging


You couldn't memorise any spells.
You didn't know any spells.
Your spell library was empty.

Dungeon Overview and Level Annotations

Branches:
Dungeon (1/15)

Altars:


Message History

You feel yourself moving faster!
You feel mighty!
The frilled lizard hisses angrily.
The frilled lizard bites you.
You barely miss the frilled lizard. You barely miss the frilled lizard.
The frilled lizard misses you.
You closely miss the frilled lizard.
A kobold comes into view. It is wielding a +0 whip.
The frilled lizard bites you.
You miss the frilled lizard.
The kobold shouts!
The frilled lizard barely misses you.
You slash the frilled lizard!
You kill the frilled lizard!
Trog accepts your kill.
You barely miss the kobold. You barely miss the kobold.
The kobold hits you with a +0 dagger.
You closely miss the kobold. The kobold hits you with a +0 dagger.
You slash the kobold!
You kill the kobold!
Trog accepts your kill.
You closely miss the frilled lizard. The frilled lizard barely misses you.
You closely miss the frilled lizard. You slash the frilled lizard!
You kill the frilled lizard!
Trog accepts your kill.
You are no longer berserk.
You are exhausted.
You feel yourself slow down.
You barely miss the goblin. The goblin misses you.
The goblin hits you but does no damage.
You are lethally poisoned!
You aren't carrying any potions.
As you read the scroll labelled TALIFRARYS, it crumbles to dust.
You hear a loud clanging noise!
It was a scroll of noise.
* * * LOW HITPOINT WARNING * * *
You feel sick.
You hear a shout! x4; You hear an angry hiss.
The goblin closely misses you.
You die...

.........>...#
.............
............
...........
..........
.........
#......##########
#Kg...≈≈≈≈≈.
#...##@.##### .##
#...$.#..♣♣P>P♣♣..#
##....##..♣♣.♣♣..#
#.#..#♣......[..♣
......#♣.♣.≈≈≈.♣.♣
.......#♣..≈≈8≈≈..♣
.......#♣.♣.≈≈≈.♣.♣
♣.........♣
#..♣♣.♣♣..#


You could see a goblin and a kobold.

Vanquished Creatures
  An endoplasm (D:1)
  2 frilled lizards (D:1)
  A kobold (D:1)
4 creatures vanquished.

Notes
Turn   | Place    | Note
-------+----------+-------------------------------------------
     0 | D:1      | Armakuni the Deep Elf Berserker began the quest for the
                  | Orb.
     0 | D:1      | Reached XP level 1. HP: 13/13 MP: 3/3
    41 | D:1      | Succumbed to a goblin's poison

Illustrated notes

Levels and vault maps discovered:
D:1:      tarquinn_simple_flora_water_b, layout_rooms

Action                   || total
-------------------------++-------
Melee: Falchion          ||    15
Invok: Berserk           ||     1
  Use: Scroll            ||     1
Armor: Animal skin       ||     1
Dodge: Dodged            ||     6

Table legend: (Time is in decaauts)
 A = Elapsed time spent in this place.
 B = Non-inter-level travel time spent in this place.
 C = Inter-level travel time spent in this place.
 D = Time resting spent in this place.
 E = Time spent auto-exploring this place.
 F = Levels seen in this place.
 G = Mean time per level.
                   A        B        C        D        E       F      G
               +--------+--------+--------+--------+--------+-----+--------+
         Total |     39 |     39 |      0 |      4 |      5 |   1 |   39.0 |
       Dungeon |     39 |     39 |      0 |      4 |      5 |   1 |   39.0 |
               +--------+--------+--------+--------+--------+-----+--------+

Top non-repeatable levels by time:
     D:1: 39 daAuts
